 Dungeon Crawl Stone Soup version 0.17-a0-1479-g4041c36 (webtiles) character file.

207 amnekian the Insei (level 5, -1/33 HPs)
             Began as an Octopode Transmuter on July 3, 2015.
             Slain by a gnoll (6 damage)
             ... on level 3 of the Dungeon.
             The game lasted 00:17:28 (3966 turns).

amnekian the Insei (Octopode Transmuter)            Turns: 3966, Time: 00:17:28

Health: -1/33      AC:  1    Str:  9    XL:     5   Next: 85%
Magic:  7/8        EV: 12    Int: 15    God:
Gold:   158        SH:  0    Dex: 14    Spells: 3 memorised, 1 level left

rFire  . . .     SeeInvis .       - Unarmed
rCold  . . .     Clarity  +     (no shield)
rNeg   . . .     SustAt   .     (helmet restricted)
rPois  .         Gourm    .     y - amulet of clarity
rElec  .         Spirit   .     (no ring)
rCorr  .         Warding  .     (no ring)
rMut   .         Stasis   .     (no ring)
MR     .....                    (no ring)
Stlth  ++++......               (no ring)
                                (no ring)
                                (no ring)
                                (no ring)

@: appendage (expiring), not resistant to hostile enchantments, stealthy
A: almost no armour, amphibious, 8 rings, constrict 8, tentacle spike 3,
camouflage 1, gelatinous body 1
a: End Transformation


You were on level 3 of the Dungeon.
You were not hungry.
One of your tentacles had a temporary spike.
You visited 1 branch of the dungeon, and saw 3 of its levels.

You collected 158 gold pieces.

Inventory:

Hand weapons
 b - a +0 hunting sling
 B - a cursed -1 hunting sling
Missiles
 a - 70 arrows
 j - 118 stones (quivered)
 v - 5 poisoned needles
Jewellery
 q - an uncursed amulet of resist corrosion
 y - an amulet of clarity (around mantle)
Scrolls
 e - 6 scrolls of identify {unknown}
 f - 2 scrolls of random uselessness {unknown}
 g - 2 scrolls of teleportation {unknown}
 h - a scroll of fog {unknown}
 l - 3 scrolls of remove curse {unknown}
 m - a scroll of enchant weapon {unknown}
 o - a scroll of immolation {unknown}
 r - a scroll of enchant armour {unknown}
 C - a scroll of fear {unknown}
Potions
 d - 2 potions of might {unknown}
 i - a potion of lignification {unknown}
 k - 2 potions of flight {unknown}
 n - a potion of curing {unknown}
 s - a potion of beneficial mutation {unknown}
 t - a potion of ambrosia {unknown}
 u - a potion of invisibility {unknown}
 z - a potion of poison {unknown}
Books
 A - a book of Changes

   Spells                             Type                      Level
   a - Beastly Appendage              Transmutation                1
   b - Sticks to Snakes               Transmutation                2
   c - Spider Form                    Transmutation/Poison         3
   d - Ice Form                       Ice/Transmutation            4
   e - Blade Hands                    Transmutation                5
Comestibles
 c - a bread ration
 p - a meat ration
 w - 4 chunks of flesh
 x - 3 fruits


   Skills:
 - Level 1.0 Fighting
 - Level 2.0 Dodging
 - Level 4.0 Stealth
 - Level 5.1 Unarmed Combat
 - Level 2.0 Spellcasting
 + Level 2.3 Transmutations
 + Level 1.2 Ice Magic


You had one spell level left.
You knew the following spells:

 Your Spells              Type           Power        Failure   Level  Hunger
a - Beastly Appendage     Trmt           #.....       12%         1    #......
b - Sticks to Snakes      Trmt           #.........   14%         2    ###....
c - Ice Form              Ice/Trmt       #.......     93%         4    #####..


Dungeon Overview and Level Annotations

Branches:
Dungeon (3/15)

Altars:
Xom


Innate Abilities, Weirdness & Mutations

You cannot wear most types of armour.
You are amphibious.
You can wear up to eight rings at the same time.
You can use your tentacles to constrict eight enemies at once.
Your skin changes colour to match your surroundings (Stealth).
Your rubbery body absorbs attacks (AC +1).
One of your tentacles bears a large vicious spike.


Message History

The gnoll hits you with a halberd! The gnoll barely misses you.
You completely miss the gnoll.
Your tentacle spike misses the gnoll.
The gnoll is severely wounded.
You constrict the gnoll. The gnoll misses you. The gnoll hits you.
* * * LOW HITPOINT WARNING * * *
You tentacle-slap the gnoll.
You kill the gnoll!
You tentacle-slap the gnoll. You grab the gnoll.
You pierce the gnoll.
The gnoll is heavily wounded.
You constrict the gnoll. The gnoll closely misses you.
You tentacle-slap the gnoll but do no damage.
The gnoll is severely wounded.
Your transformation is almost over.
You constrict the gnoll. The gnoll hits you.
* * * LOW HITPOINT WARNING * * *
You tentacle-slap the gnoll.
You pierce the gnoll, but do no damage.
The gnoll is severely wounded.
You constrict the gnoll, but do no damage.
The gnoll hits you.
You die...

#.##...#### .#
##.#.....### .#
##..#.......#####.#
...#......#....#(.#
#....#...#####.#.######
#.######## #........#
..# ###..[...# ###
##### #)g....# #
##...## #@.....# #
##.....###......#
#######.......##......#
>..#...........#......#
#.<..##.......##......#
...#####.....###..>...#
##.# ##...## #......#
##.### ##.## #..#.###
#...# #.# ##...#


You could see a gnoll.

Vanquished Creatures
  A crimson imp (D:3)
  An orc wizard (D:3)
  3 adders (D:2)
  A gnoll (D:3)
  A shadow imp (D:3)
  5 worms
  6 giant geckos
  2 orcs (D:3)
  9 bats
  6 goblins
  10 hobgoblins
  9 kobolds
  3 quokkas (D:2)
  2 ball pythons
  4 giant cockroaches
  4 giant newts
  8 rats
75 creatures vanquished.

Vanquished Creatures (collateral kills)
  An adder (D:2)
  A worm (D:3)
2 creatures vanquished.

Vanquished Creatures (others)
  5 sheep (D:3)
5 creatures vanquished.

Grand Total: 82 creatures vanquished

Notes
Turn   | Place    | Note
--------------------------------------------------------------
     0 | D:1      | amnekian the Octopode Transmuter began the quest for the Orb.
     0 | D:1      | Reached XP level 1. HP: 13/13 MP: 3/3
    43 | D:1      | Reached skill level 1 in Stealth
   166 | D:1      | Reached XP level 2. HP: 12/18 MP: 3/5
   421 | D:1      | Learned a level 2 spell: Sticks to Snakes
   851 | D:1      | Reached XP level 3. HP: 23/23 MP: 6/6
  1000 | D:2      | Reached skill level 4 in Stealth
  1737 | D:3      | Found a shimmering altar of Xom.
  2250 | D:3      | Reached XP level 4. HP: 24/28 MP: 5/7
  2851 | D:2      | Reached XP level 5. HP: 28/33 MP: 4/8
  3133 | D:2      | Reached skill level 5 in Unarmed Combat
  3793 | D:3      | Learned a level 4 spell: Ice Form
  3871 | D:3      | Reached skill level 1 in Ice Magic
  3966 | D:3      | Slain by a gnoll

Vault maps used:
D:1:      scummos_arrival_star, serial_park_tiny_pond
D:2:      moated_statue, minmay_cut_off
D:3:      kb_xom_exploding_sheep

Action                   |  1- 3 |  4- 6 || total
-------------------------+-------+-------++-------
Melee: Unarmed           |   102 |    76 ||   178
 Fire: Hunting sling     |       |    70 ||    70
Throw: Stone             |    11 |    10 ||    21
 Cast: Beastly Appendage |     9 |    16 ||    25
       Sticks to Snakes  |     3 |     3 ||     6
 Stab: Sleeping          |    10 |     2 ||    12
       Distracted        |       |     1 ||     1
  Eat: Chunk             |     4 |     6 ||    10
